 Dungeon Crawl Stone Soup version 0.29.1-13-g9f3cf754e1 (webtiles) character file.

Game seed: 1827059892869835618

60 DemonSlayer the Digger (level 3, 0/25 HPs)
             Began as a Demonspawn Earth Elementalist on Jan 23, 2023.
             Slain by Natasha (8 damage)
             ... on level 2 of the Dungeon.
             The game lasted 00:02:46 (2802 turns).

DemonSlayer the Digger (DsEE)                       Turns: 2802, Time: 00:02:48

Health: 0/25       AC:  3    Str: 10    XL:     3   Next: 80%
Magic:  4/7        EV: 16    Int: 16    God:
Gold:   53         SH:  0    Dex: 13    Spells: 6/7 levels left

rFire   . . .      SeeInvis .   d - +0 battleaxe
rCold   . . .      Faith    .   (shield currently unavailable)
rNeg    . . .      Spirit   .   a - +0 robe
rPois   .          Reflect  .   c - +0 helmet
rElec   .          Harm     .   (no cloak)
rCorr   .          Rampage  .   (no gloves)
Will    .....                   (no boots)
Stlth   ++........              (no amulet)
HPRegen 0.08/turn               n - +4 ring of evasion
MPRegen 0.10/turn               (no ring)

@: slowed, very slow
A: hooves 1, foul stench 1
a: no special abilities


You were on level 2 of the Dungeon.
You visited 1 branch of the dungeon, and saw 2 of its levels.

You collected 53 gold pieces.

Inventory:

Hand Weapons
 d - a +0 battleaxe (weapon)
Armour
 a - a +0 robe (worn)
 c - a +0 helmet (worn)
Jewellery
 f - a ring of ice
 n - a +4 ring of evasion (left hand)
Wands
 m - a wand of flame (4)
Scrolls
 h - a scroll of vulnerability {unknown}
 j - 2 scrolls of identify {unknown}
 l - a scroll of teleportation {unknown}
Potions
 b - a potion of magic
 e - 2 potions of haste {unknown}
 g - 2 potions of lignification {unknown}
 i - 3 potions of curing {unknown}
 k - a potion of resistance {unknown}


   Skills:
 + Level 0.3 Fighting
 + Level 1.1 Axes
 + Level 2.0 Dodging
 + Level 2.2 Stealth
 + Level 2.8 Spellcasting
 + Level 0.8 Transmutations
 + Level 3.0 Earth Magic


You had 6 spell levels left.
You knew the following spells:

 Your Spells              Type           Power      Damage    Failure   Level
a - Sandblast             Erth           24%        2d8       5%          1

Your spell library contained the following spells:

 Spells                   Type           Power      Damage    Failure   Level
 Passwall                 Tmut/Erth      6%         N/A       13%         2
 Stone Arrow              Conj/Erth      14%        3d7       30%         3
 Petrify                  Tmut/Erth      8%         N/A       63%         4


Dungeon Overview and Level Annotations

Branches:
Dungeon (2/15)

Altars:

Annotations:
D:2 Jessica, Natasha


Innate Abilities, Weirdness & Mutations

You have large cloven feet.
You may rarely emit foul miasma when damaged in melee.


Message History

You can't see any susceptible monsters within range! (Use Z to cast anyway.)
Found a stone staircase leading down.
m - a wand of flame (4)
n - a +4 ring of evasion
n - a +4 ring of evasion (left hand)
You see here a +0 leather armour.
There is an open door here.
You see here 8 stones.
Jessica the Apprentice Sorceress comes into view.
She is wielding a +0 dagger.
Jessica is nearby!
Jessica is nearby!
There is an open door here.
Unknown command.
There is an open door here.
Natasha, Servant of Life and Death comes into view.
There is an open door here.
You can't see any susceptible monsters within range! (Use Z to cast anyway.)
You can't see any susceptible monsters within range! (Use Z to cast anyway.) Natasha hisses angrily.
The blast of sand misses Natasha.
Natasha stares at you and mumbles some strange words.
You feel yourself slow down.
The blast of sand hits Natasha!
Natasha is severely wounded.
Natasha claws you. Natasha casts a spell at you. The magic dart hits you!
You are too injured to fight recklessly!
You are too injured to fight recklessly!
You are too injured to fight recklessly!
Unknown command.
Casting: Sandblast (safe; 5% risk of failure)
Confirm with . or Enter, or press ? or * to list all spells.
Aiming: Sandblast (safe; 5% risk of failure)
Press: ? - help, Shift-Dir - straight line, f/p - Natasha
Aim: Natasha (severely wounded, 77% to hit)
The blast of sand hits Natasha but does no damage.
Natasha is severely wounded.
Natasha misses you. Natasha claws you. Natasha claws you!
You die...

...# ..# ...... #### #..#.##
.##### #. #. .... # ##.# #.##.##
# ##... #.....## # #....
##.....## # ### #...# ##.......##
##
..##########...####.........####.
......)........h@.'.........+....
..##########....###.........####.
#.# ##.#.# ##.......## ## #.#
###.# ##.....####### #.# #.#
##.........# #.# #.# ##..#####.#
#.# #.# ###..#####.# #.# #####.##
#.......##.# #.# #......#
#.#..##.##.##


You could see Natasha.

Vanquished Creatures
  Natasha (D:2)
  A worm (D:2)
  2 giant cockroaches
  4 hobgoblins
  3 kobolds
  3 quokkas
  3 ball pythons
  4 bats
  5 frilled lizards
  4 goblins
  3 rats
33 creatures vanquished.

Notes
Turn   | Place    | Note
-------+----------+-------------------------------------------
     0 | D:1      | DemonSlayer the Demonspawn Earth Elementalist began the
                  | quest for the Orb.
     0 | D:1      | Reached XP level 1. HP: 13/13 MP: 3/3
  1039 | D:1      | Discovered your monstrous ancestry.
  1039 | D:1      | Gained mutation: You have large cloven feet. [demonic
                  | ancestry]
  1039 | D:1      | Reached XP level 2. HP: 19/19 MP: 3/5
  2006 | D:2      | Gained mutation: You may rarely emit foul miasma when
                  | damaged in melee. [demonic ancestry]
  2006 | D:2      | Reached XP level 3. HP: 24/24 MP: 3/6
  2481 | D:2      | Noticed Natasha
  2486 | D:2      | Killed Natasha
  2487 | D:2      | Reached skill level 1 in Axes
  2487 | D:2      | Reached skill level 3 in Earth Magic
  2703 | D:2      | Noticed Jessica
  2796 | D:2      | Noticed Natasha
  2802 | D:2      | Slain by Natasha

Illustrated notes

Levels and vault maps discovered:
D:1:      lightli_arrival_isolated_outpost, layout_basic
D:2:      layout_loops_corners, minmay_misc_feat_encased, uniq_jessica,
          uniq_natasha

Skill      XL: |  1  2  3 |
---------------+----------+-----
Stealth        | 2 |  2.2
Dodging        | 2 |  2.0
Axes           | 1 |  1.1
Earth Magic    | 3 |  3.0
Fighting       | |  0.3
Spellcasting   | |  2.8
Transmutations | |  0.8

Action                   || total
-------------------------++-------
Melee: Battleaxe         ||    32
       Kick              ||     3
 Cast: Sandblast         ||    31
 Stab: Distracted        ||     1
       Sleeping          ||     1
Armor: Robe              ||    13
Dodge: Dodged            ||    38
